 Dungeon Crawl Stone Soup version 0.28-a0-312-gbced6e68ee (webtiles) character file.

Game seed: 4753509037534268211

7200 mistaj the Fighter (level 11, -4/72 HPs)
             Began as a Gargoyle Fighter on Aug 30, 2021.
             Was the Champion of Ru.
             Slain by a tengu warrior (14 damage)
             ... on level 8 of the Dungeon.
             The game lasted 00:41:57 (15212 turns).

mistaj the Fighter (Gargoyle Fighter)              Turns: 15212, Time: 00:41:58

Health: -4/72      AC: 22    Str: 20    XL:     11   Next: 11%
Magic:  11/11      EV:  7    Int: 11    God:    Ru [******]
Gold:   1565       SH:  0    Dex: 10    Spells: 10/10 levels left

rFire   . . .      SeeInvis .   H - +0 war axe (flame)
rCold   + . .      Faith    .   (shield unavailable)
rNeg    + . .      Spirit   .   O - +0 chain mail {rC+}
rPois   ∞          Reflect  .   (no helmet)
rElec   +          Harm     .   (no cloak)
rCorr   .          Rampage  .   v - +0 pair of gloves
Will    .....                   (no boots)
Stlth   ..........              D - amulet of the acrobat
HPRegen 0.22/turn               (ring unavailable)
MPRegen 0.12/turn               A - +4 ring of protection

@: no status effects
A: sickness immunity, AC +8, negative energy resistance 1, electricity
resistance, torment resistance 1, petrification resistance, missing a hand,
hated by all, inability to train dodging, unskilled 1
a: Renounce Religion, Draw Out Power, Power Leap, Apocalypse


You were on level 8 of the Dungeon.
You worshipped Ru.
Ru was exalted by your worship.
You visited 2 branches of the dungeon, and saw 11 of its levels.

You collected 1785 gold pieces.
You spent 220 gold pieces at shops.

Inventory:

Hand Weapons
 G - a +4 mace of freezing
 H - a +0 war axe of flaming (weapon)
 N - a +3 vorpal flail
Armour
 v - a +0 pair of gloves (worn)
 O - a +0 chain mail of cold resistance (worn)
Jewellery
 g - a +4 ring of evasion
 h - a ring of see invisible
 m - a ring of protection from cold
 q - a ring of positive energy
 A - a +4 ring of protection (right hand)
 D - an amulet of the acrobat (around neck)
Wands
 j - a wand of digging (10)
 r - a wand of iceblast (17)
 t - a wand of polymorph (9)
 F - a wand of flame (22)
 K - a wand of acid (10)
Scrolls
 b - a scroll of amnesia {unknown}
 e - 2 scrolls of vulnerability
 k - a scroll of fog
 l - a scroll of silence
 o - 5 scrolls of enchant armour
 u - a scroll of enchant weapon {unknown}
 x - a scroll of blinking {unknown}
 y - a scroll of brand weapon {unknown}
 z - 3 scrolls of immolation {unknown}
 B - 3 scrolls of teleportation {unknown}
 C - a scroll of torment {unknown}
 I - 2 scrolls of noise {unknown}
 L - a scroll of holy word {unknown}
Potions
 a - 5 potions of heal wounds
 d - a potion of might
 i - 2 potions of flight
 n - a potion of brilliance
 p - 7 potions of curing
 s - 2 potions of invisibility
 w - a potion of mutation
 E - a potion of lignification
 J - 2 potions of berserk rage


   Skills:
 + Level 10.1 Fighting
 - Level 2.9 Long Blades
 * Level 9.5(10.1) Axes
 - Level 6.0(9.0) Maces & Flails
 - Level 3.4 Armour


You had 10 spell levels left.
You didn't know any spells.
Your spell library contained the following spells:

 Spells                   Type           Power      Damage    Failure   Level
 Corona                   Hex            0%         N/A       98%         1
 Magic Dart               Conj           0%         1d3       98%         1
 Pain                     Necr           0%         1d4       98%         1
 Blink                    Tloc           N/A        N/A       99%         2
 Ensorcelled Hibernation  Hex/Ice        0%         N/A       99%         2
 Lesser Beckoning         Tloc           0%         N/A       100%        3
 Mephitic Cloud           Conj/Pois/Air  0%         N/A       100%        3
 Spider Form              Tmut/Pois      0%         N/A       100%        3
 Passage of Golubria      Tloc           N/A        N/A       100%        4
 Agony                    Necr           0%         N/A       100%        5
 Excruciating Wounds      Necr           0%         N/A       100%        5
 Manifold Assault         Tloc           0%         N/A       100%        5
 Yara's Violent Unravell  Hex/Tmut       0%         3d3       100%        5
 Call Imp                 Summ           Unusable   N/A       N/A         2
 Tukima's Dance           Hex            Unusable   N/A       N/A         3

Dungeon Overview and Level Annotations

Branches:
Dungeon (9/15)             Temple (0/1) D:7             Orc (2/2) D:9
    Elf (0/3) Orc:2
   Lair: D:8-11

Altars:
Cheibriados
Qazlal
Ru
Trog
Wu Jian
Yredelemnul
Zin

Shops:
D:4 (   D:5 (   Orc:2 ?


Innate Abilities, Weirdness & Mutations

You are immune to sickness and miasma.
Your stone body is resilient. (AC +8)
You are immune to poison.
You resist negative energy. (rN+)
You are resistant to electric shocks. (rElec)
You are resistant to unholy torment.
You are immune to petrification.
You are missing a hand.
You are hated by all.
You cannot train Dodging skill.
You are somewhat unskilled. (-1 Apt)


Message History

You hit the tengu warrior. You burn the tengu warrior.
The tengu warrior is severely wounded.
The tengu warrior hits you but does no damage.
The tengu warrior pecks you but does no damage.
The tengu warrior claws you but does no damage.
The tengu warrior blocks your attack.
The tengu warrior is severely wounded.
The tengu warrior hits you with a +3 war axe.
The tengu warrior barely misses you.
The tengu warrior claws you but does no damage.
The tengu warrior blocks your attack.
The tengu warrior is severely wounded.
The tengu warrior stops glowing.
The tengu warrior hits you with a +3 war axe.
You focus your inner power and illuminate the tengu warrior in retribution!
The tengu warrior pecks you.
You focus your inner power and illuminate the tengu warrior in retribution!
The tengu warrior claws you but does no damage.
You completely miss the tengu warrior.
The tengu warrior is severely wounded.
The tengu warrior hits you with a +3 war axe!
You focus your inner power and blind the tengu warrior in retribution!
The tengu warrior barely misses you. x2
You hit the tengu warrior but do no damage.
The tengu warrior is severely wounded.
The tengu warrior hits you with a +3 war axe!!
* * * LOW HITPOINT WARNING * * *
The tengu warrior pecks you but does no damage.
The tengu warrior claws you but does no damage.
You slash the tengu warrior! You burn the tengu warrior.
The tengu warrior is almost dead.
The tengu warrior hits you with a +3 war axe.
* * * LOW HITPOINT WARNING * * *
The tengu warrior pecks you but does no damage.
The tengu warrior claws you but does no damage.
You catch the helpless tengu warrior completely off-guard!
You hit the tengu warrior but do no damage.
The tengu warrior is severely wounded.
The tengu warrior hits you with a +3 war axe!
You die...

.# #.###.## #..###### ##
#......# ####..###### #
#####..###..........# #
#..##<..#..####.# #
#..........# #.# # ####....##.#
#.# # #.#.###.# #.# #.#.###.#
#.# ############.#@#...####.#
#............#Q.....#...#######
#.#########...........#........
###.# #.........#....######
..#.# #...#.....#.###(### #
#.#.# #..#######(## ##..# #
#.#.# #####.###⌠...##.###.#.# #
#.#.#####......###...###.#.##.#
#
#.................._.####.###.#
#


You could see a tengu warrior (blind, corona).

Vanquished Creatures
  A two-headed ogre (D:9)
  2 rime drakes (Orc:2)
  A kobold demonologist (D:9)
  2 trolls
  A shadow (D:9)
  2 wyverns
  A yak (D:9)
  The ghost of Maimakterion the Poker, an amateur MfCA of Ignis (D:3)
  A vampire mosquito (D:9)
  2 wargs
  3 water moccasins
  Duvessa (D:6)
  9 orc warriors
  2 sky beasts
  A necrophage (D:6)
  5 centaurs
  2 wolves (D:9)
  4 ogres
  A kobold brigand (D:8)
  Blork the orc (D:6)
  A bullfrog (D:9)
  A gnoll sergeant (D:8)
  A scorpion (D:5)
  Dowan (D:6)
  A wyvern skeleton (D:4)
  A water moccasin skeleton (D:5)
  4 wights (D:8)
  A bullfrog zombie (D:6)
  2 centaur zombies
  2 hounds
  2 jellies
  A gnoll shaman (D:5)
  6 orc priests
  2 centaur skeletons
  3 iguanas (D:5)
  12 orc wizards
  2 killer bee zombies
  A hound skeleton (D:2)
  A howler monkey zombie (D:7)
  15 gnolls
  4 adders
  2 shadow imps
  A white imp (D:6)
  2 ufetubi (D:6)
  2 adder skeletons (D:2)
  4 worms
  2 dart slugs
  32 orcs
  5 bats
  2 bat zombies (D:2)
  7 endoplasms
  2 giant cockroaches
  5 goblins
  8 hobgoblins
  A jackal (D:2)
  4 quokkas
  8 ball pythons
  A ball python zombie (D:2)
  A frilled lizard (D:2)
  A jackal skeleton (D:2)
  6 kobolds
  2 quokka zombies (D:2)
  8 rats
213 creatures vanquished.

Vanquished Creatures (others)
  2 ogres
  2 orcs (Orc:1)
4 creatures vanquished.

Grand Total: 217 creatures vanquished

Notes
Turn   | Place    | Note
-------+----------+-------------------------------------------
     0 | D:1      | mistaj the Gargoyle Fighter began the quest for the Orb.
     0 | D:1      | Reached XP level 1. HP: 14/14 MP: 1/1
   169 | D:1      | Reached XP level 2. HP: 19/19 MP: 2/2
   170 | D:1      | You fall into a shaft and drop 1 floor!
   212 | D:2      | Found a sacrificial altar of Ru.
   220 | D:2      | Became a worshipper of Ru the Awakened
   316 | D:2      | Reached XP level 3. HP: 16/23 MP: 3/3
   859 | D:1      | Found a faded altar of an unknown god.
  1324 | D:2      | Reached XP level 4. HP: 23/29 MP: 4/4
  2035 | D:3      | Gained mutation: You cannot train Dodging skill. [Ru
                  | sacrifice]
  2035 | D:3      | Reached * piety under Ru
  2114 | D:2      | Reached skill level 4 in Fighting
  2408 | D:3      | Reached XP level 5. HP: 16/33 MP: 5/5
  2845 | D:3      | Found a glowing silver altar of Zin.
  3284 | D:3      | Reached XP level 6. HP: 27/39 MP: 6/6
  3651 | D:3      | Found a runed translucent door.
  3651 | D:3      | Noticed Maimakterion's ghost (amateur MfCA)
  3905 | D:4      | Reached skill level 5 in Maces & Flails
  4093 | D:4      | Reached skill level 5 in Fighting
  4299 | D:4      | Found a snail-covered altar of Cheibriados.
  4564 | D:4      | Found Kuorph's Antique Weapon Boutique.
  4687 | D:5      | Entered Level 5 of the Dungeon
  4851 | D:5      | Gained mutation: You are hated by all. [Ru sacrifice]
  4851 | D:5      | Reached ** piety under Ru
  4851 | D:5      | Reached *** piety under Ru
  5025 | D:5      | Found a bloodstained altar of Trog.
  5072 | D:5      | Reached XP level 7. HP: 44/44 MP: 7/7
  5763 | D:5      | Found Runeupn's Antique Weapon Emporium.
  6094 | D:5      | Reached skill level 6 in Fighting
  6170 | D:5      | Reached skill level 1 in Long Blades
  6424 | D:6      | Reached XP level 8. HP: 40/51 MP: 8/8
  7467 | D:6      | Noticed Duvessa
  7495 | D:6      | Noticed Dowan
  7510 | D:6      | Killed Duvessa
  7511 | D:6      | Reached skill level 1 in Axes
  7524 | D:6      | Killed Dowan
  7525 | D:6      | Reached skill level 7 in Fighting
  7555 | D:6      | Noticed Blork the orc
  7563 | D:6      | Killed Blork the orc
  7759 | D:6      | Reached XP level 9. HP: 29/58 MP: 9/9
  8434 | D:7      | Gained mutation: You are somewhat unskilled. (-1 Apt) [Ru
                  | sacrifice]
  8434 | D:7      | Reached **** piety under Ru
  8645 | D:7      | Found a staircase to the Ecumenical Temple.
  8993 | D:7      | Found a stormy altar of Qazlal.
  9514 | D:8      | Reached skill level 5 in Axes
  9742 | D:8      | Found a sacrificial altar of Ru.
  9930 | D:8      | Found an ornate altar of the Wu Jian Council.
  9954 | D:8      | Reached skill level 8 in Fighting
 10461 | D:9      | Found a staircase to the Orcish Mines.
 10477 | D:8      | Identified a scroll of acquirement
 10477 | D:8      | Acquired 808 gold pieces
 10632 | D:3      | Killed Maimakterion's ghost
 10972 | D:9      | Noticed a manticore
 11027 | D:9      | Reached XP level 10. HP: 54/65 MP: 10/10
 11143 | D:9      | Noticed a two-headed ogre
 11161 | D:9      | Killed a two-headed ogre
 11419 | D:9      | Noticed a centaur warrior
 11867 | D:9      | Noticed a kobold demonologist
 11877 | D:9      | Noticed a centaur warrior
 12194 | D:9      | Reached skill level 9 in Fighting
 12379 | D:9      | Noticed a tengu warrior
 12396 | Orc:1    | Entered Level 1 of the Orcish Mines
 12794 | D:9      | Noticed an orange demon
 12804 | D:9      | Noticed a smoke demon
 12804 | D:9      | Killed a kobold demonologist
 12939 | Orc:2    | Entered Level 2 of the Orcish Mines
 13408 | Orc:2    | Found Keufuo's Magic Scroll Shop.
 13411 | Orc:2    | Bought a scroll of enchant armour for 97 gold pieces
 13411 | Orc:2    | Bought a scroll of enchant armour for 97 gold pieces
 13411 | Orc:2    | Bought a scroll of identify for 26 gold pieces
 13943 | Orc:1    | Gained mutation: You are missing a hand. [Ru sacrifice]
 13943 | Orc:1    | Reached ***** piety under Ru
 13943 | Orc:1    | Reached ****** piety under Ru
 13986 | Orc:2    | Found a staircase to the Elven Halls.
 14490 | Orc:1    | Noticed an orc knight
 14616 | Orc:2    | Reached XP level 11. HP: 47/72 MP: 11/11
 14618 | Orc:2    | Reached skill level 10 in Fighting
 14805 | Orc:2    | Noticed an orc knight
 14805 | Orc:2    | Noticed an orc high priest
 15212 | D:8      | Slain by a tengu warrior

Illustrated notes

Levels and vault maps discovered:
D:1:      sevenhm_arrival_forest_fort_large_4, layout_loops_ring,
          hellmonk_ecumenical_altar_zigzags
D:2:      layout_loops_ring, basic_altar, serial_undead, serial_undead_f,
          serial_undead_a, serial_undead_c, serial_undead_d, serial_undead_d,
          serial_undead_b, serial_undead_a, minmay_misc_feat_more_columns,
          chequers_serial_rivers_marsh, minmay_randomly_rotated_circles
D:3:      minmay_inner_zag, layout_loops_ring, zin_treasury,
          gammafunk_ghost_grave, chequers_mini_garden
D:4:      cheibrodos_old_hovel, layout_loops_ring, mainiacjoe_overflow_chevrons,
          serial_shops, nicolae_lakefront_shop
D:5:      layout_basic, kennysheep_little_box, serial_shops, shop
D:6:      layout_basic, uniq_duvessa, uniq_blork_the_orc
D:7:      layout_basic, mainiacjoe_overflow_swirl, temple_hall, centaur_isle
D:8:      layout_loops_ring, nicolae_wu_jian_glorious_leap,
          mainiacjoe_overflow_alcove_2
D:9:      layout_roguey, erik_lair_island, orc_0_dummy, nicolae_water_bricks,
          minmay_fractal_squares_gapless_7
Orc:1:    nicolae_orc_accident_1, layout_caves
Orc:2:    st_orc_elflike, layout_caves, portal_ice_cave_rime, serial_shops,
          nicolae_shop_window_shopping, special_room

Skill      XL: |  1  2  3  4  5  6  7  8  9 10 11 |
---------------+----------------------------------+-----
Maces & Flails | 3 4 5 6 |  6.0
Fighting       | 4 5 6 7 8 9 10 | 10.1
Long Blades    | 2 3 2 |  2.9
Axes           | 4 6 9 |  9.5
Shields        | 0 |  0.0
Armour         | |  3.4

Action                   |  1- 3 |  4- 6 |  7- 9 | 10-12 || total
-------------------------+-------+-------+-------+-------++-------
Melee: Flail             |   126 |   260 |    37 |       ||   423
       Long sword        |       |       |   114 |       ||   114
       War axe           |       |       |   215 |   280 ||   495
Invok: Sacrifice Nimblen |       |     1 |       |       ||     1
       Sacrifice Love    |       |     1 |       |       ||     1
       Sacrifice Skill   |       |       |     1 |       ||     1
       Sacrifice a Hand  |       |       |       |     1 ||     1
  Use: Scroll            |       |     1 |     9 |     3 ||    13
 Stab: Invisible         |       |       |     1 |     2 ||     3
       Paralysed         |       |       |       |     4 ||     4
       Distracted        |       |       |       |     1 ||     1
Armor: Scale mail        |    66 |   102 |   196 |       ||   364
       Plate armour      |       |       |    10 |   109 ||   119
       Chain mail        |       |       |       |    95 ||    95
Dodge: Dodged            |    80 |   109 |   212 |   115 ||   516
Block: Kite shield       |    77 |   107 |   183 |    95 ||   462

Table legend: (Time is in decaauts)
 A = Elapsed time spent in this place.
 B = Non-inter-level travel time spent in this place.
 C = Inter-level travel time spent in this place.
 D = Time resting spent in this place.
 E = Time spent auto-exploring this place.
 F = Levels seen in this place.
 G = Mean time per level.
                   A        B        C        D        E       F      G
               +--------+--------+--------+--------+--------+-----+--------+
         Total |  15645 |  14830 |    815 |   5756 |   4114 |  11 | 1422.3 |
       Dungeon |  13422 |  12607 |    815 |   4611 |   4114 |   9 | 1491.3 |
  Orcish Mines |   2223 |   2223 |      0 |   1145 |      0 |   2 | 1111.5 |
               +--------+--------+--------+--------+--------+-----+--------+

Top non-repeatable levels by time:
     D:5: 2054 daAuts
     D:8: 2043 daAuts
     D:3: 1856 daAuts
     D:2: 1733 daAuts
     D:9: 1690 daAuts
     D:6: 1513 daAuts
   Orc:2: 1246 daAuts
   Orc:1: 976 daAuts
     D:4: 962 daAuts
     D:7: 877 daAuts
     D:1: 690 daAuts
